 Dungeon Crawl Stone Soup version 0.29-a0-817-g9904bce7a6 (webtiles) character file.

Game seed: 18143237713340864409

107 pericles the Covered (level 5, 0/41 HPs)
             Began as a Human Fighter on July 5, 2022.
             Was an Initiate of Yredelemnul.
             Slain by Edmund
             ... wielding a +0 antimagic flail
              (6 damage)
             ... on level 4 of the Dungeon.
             The game lasted 00:12:56 (2739 turns).

pericles the Covered (Human Fighter)                Turns: 2739, Time: 00:12:57

Health: 0/41       AC:  8    Str: 22    XL:     5   Next: 10%
Magic:  0/5        EV:  9    Int:  7    God:    Yredelemnul [......]
Gold:   157        SH:  4    Dex: 12    Spells: 4/4 levels left

rFire   . . .      SeeInvis .   a - +1 long sword
rCold   . . .      Faith    .   c - +0 buckler
rNeg    . . .      Spirit   .   b - +0 scale mail
rPois   .          Reflect  .   (no helmet)
rElec   .          Harm     .   (no cloak)
rCorr   .          Rampage  .   k - +0 pair of gloves
Will    +....                   (no boots)
Stlth   ..........              (no amulet)
HPRegen 0.13/turn               (no ring)
MPRegen 0.09/turn               (no ring)

@: no status effects
A: strong-willed 1, strong 1
a: Renounce Religion, Recall Undead Harvest


You were on level 4 of the Dungeon.
You worshipped Yredelemnul.
Yredelemnul was noncommittal.
You visited 1 branch of the dungeon, and saw 4 of its levels.

You collected 157 gold pieces.

Inventory:

Hand Weapons
 a - a +1 long sword (weapon)
 n - a +0 falchion
Missiles
 f - 6 datura-tipped darts (quivered)
 g - 4 curare-tipped darts
 h - a throwing net
 l - 11 stones
Armour
 b - a +0 scale mail (worn)
 c - a +0 buckler (worn)
 k - a +0 pair of gloves (worn)
Magical Staves
 j - a staff of conjuration
Scrolls
 e - 5 scrolls of identify
Potions
 d - a potion of might
 i - 2 potions of curing
 m - 2 potions of lignification


   Skills:
 + Level 3.6 Fighting
 + Level 2.8 Long Blades
 + Level 4.0 Armour
 + Level 0.1 Dodging
 + Level 0.1 Stealth
 + Level 3.5 Shields


You had 4 spell levels left.
You didn't know any spells.
Your spell library contained the following spells:

 Spells                   Type           Power      Damage    Failure   Level
 Foxfire                  Conj/Fire      0%         2x1d4     83%         1
 Summon Small Mammal      Summ           0%         N/A       83%         1
 Sublimation of Blood     Necr           0%         N/A       93%         2
 Wereblood                Tmut           0%         N/A       93%         2
 Call Canine Familiar     Summ           0%         N/A       99%         3
 Conjure Flame            Conj/Fire      0%         6-21      99%         3
 Inner Flame              Hex/Fire       0%         N/A       99%         3
 Summon Guardian Golem    Hex/Summ       0%         N/A       99%         3
 Flame Wave               Conj/Fire      0%         2d4       100%        4
 Summon Hydra             Summ           0%         N/A       100%        7


Dungeon Overview and Level Annotations

Branches:
Dungeon (4/15)
 Temple: D:4-7

Altars:
Yredelemnul

Annotations:
D:4 Edmund


Innate Abilities, Weirdness & Mutations

You are strong-willed. (Will+)
Your muscles are strong. (Str +4, Int/Dex -1)


Message History

The kobold throws a poisoned dart.
The poisoned dart completely misses you.
The kobold throws a poisoned dart.
The poisoned dart hits you!
You are poisoned.
You feel very sick.
You feel sick.
An orc priest comes into view. It is wielding a +0 flail.
You feel sick.
The orc priest shouts!
The orc priest casts a cantrip, but nothing happens.
You feel sick.
You hit Edmund but do no damage.
You feel sick. The kobold barely misses you.
Edmund hits you with a +0 antimagic flail.
You completely miss Edmund.
You feel sick. You block the kobold's attack.
Edmund hits you with a +0 antimagic flail.
You closely miss Edmund.
You feel sick.
You are no longer poisoned.
The kobold closely misses you. Edmund barely misses you.
You barely miss Edmund. You block Edmund's attack.
The kobold hits you but does no damage. You block the kobold's attack.
Edmund hits you with a +0 antimagic flail.
You feel your power leaking away.
You hit Edmund.
Edmund is lightly wounded.
The orc priest invokes the aid of Beogh against you.
Beogh smites you! The kobold hits you but does no damage.
Edmund hits you but does no damage.
You hit Edmund but do no damage.
Edmund is lightly wounded.
The kobold hits you but does no damage. You block Edmund's attack.
You closely miss Edmund.
Edmund is lightly wounded.
Edmund hits you with a +0 antimagic flail!
* * * LOW HITPOINT WARNING * * *
You feel your power leaking away.
The orc priest hits you but does no damage.
You block the kobold's attack. The orc priest closely misses you.
Edmund hits you with a +0 antimagic flail.
You die...
Your body rises from the dead as a mindless zombie.

..... ##....
......
......## . ##
.....#
..#.##....##
.?.o.#.##..#
........#.o#
#....@..#@@#
#........K##
###...)..o#
##.........
#......K...#
...
.....###...##
... .##...
..## ... .
#..>. ..# ...
##..# ...


You could see Edmund, 2 orc priests and a kobold.

Vanquished Creatures
  Terence (D:2)
  3 adders (D:2)
  A worm (D:2)
  2 endoplasms
  3 goblins (D:2)
  2 hobgoblins
  2 jackals (D:3)
  A quokka (D:2)
  2 ball pythons
  3 bats
  4 kobolds
  4 rats
28 creatures vanquished.

Vanquished Creatures (collateral kills)
  An adder (D:3)
  A worm (D:3)
  A bat (D:3)
  2 goblins (D:3)
  2 hobgoblins (D:3)
  2 jackals (D:3)
  A quokka (D:3)
  2 ball pythons (D:3)
12 creatures vanquished.

Vanquished Creatures (others)
  An adder zombie (D:3)
  A jackal zombie (D:3)
2 creatures vanquished.

Grand Total: 42 creatures vanquished

Notes
Turn   | Place    | Note
-------+----------+-------------------------------------------
     0 | D:1      | pericles the Human Fighter began the quest for the Orb.
     0 | D:1      | Reached XP level 1. HP: 18/18 MP: 1/1
   126 | D:2      | Reached XP level 2. HP: 21/24 MP: 2/2
   458 | D:2      | Gained mutation: You are resistant to electric shocks.
                  | (rElec) [potion of mutation]
   458 | D:2      | Gained mutation: Your muscles are strong. (Str +4, Int/Dex
                  | -1) [potion of mutation]
   458 | D:2      | Gained mutation: You have a pair of small antennae on your
                  | head. [potion of mutation]
   476 | D:2      | Reached XP level 3. HP: 21/29 MP: 3/3
  1341 | D:2      | Reached XP level 4. HP: 25/35 MP: 4/4
  1569 | D:2      | Noticed Terence
  1570 | D:2      | Lost mutation: You are resistant to electric shocks.
                  | (rElec) [potion of mutation]
  1570 | D:2      | Lost mutation: Your muscles are strong. (Str +4, Int/Dex
                  | -1) [potion of mutation]
  1570 | D:2      | Lost mutation: You have a pair of small antennae on your
                  | head. [potion of mutation]
  1570 | D:2      | Gained mutation: Your muscles are strong. (Str +4, Int/Dex
                  | -1) [potion of mutation]
  1570 | D:2      | Gained mutation: You are strong-willed. (Will+) [potion of
                  | mutation]
  1579 | D:2      | Killed Terence
  1881 | D:3      | Found a faded altar of an unknown god.
  1892 | D:3      | Prayed at the altar of an unknown god.
  1892 | D:3      | Became a worshipper of Yredelemnul the Dark
  1892 | D:3      | Reached * piety under Yredelemnul
  2112 | D:3      | Reached skill level 4 in Armour
  2585 | D:3      | Reached XP level 5. HP: 41/41 MP: 5/5
  2726 | D:4      | Noticed Edmund
  2739 | D:4      | Slain by Edmund

Illustrated notes

Levels and vault maps discovered:
D:1:      co_arrival_square_in_a_square_in_a_square, layout_loops_corners
D:2:      layout_basic, uniq_terence
D:3:      layout_basic, hellmonk_ecumenical_altar_zigzags,
          chequers_serial_rivers_micro_e, kennysheep_generic_room_14
D:4:      layout_cave_pools, temple_hall, serial_shops, shop_fountains,
          uniq_natasha, uniq_edmund, uniq_eustachio

Skill      XL: |  1  2  3  4 |
---------------+-------------+-----
Armour         | 4 |  4.0
Fighting       | |  3.6
Long Blades    | |  2.8
Dodging        | |  0.1
Stealth        | |  0.1
Shields        | |  3.5

Action                   |  1- 3 |  4- 6 || total
-------------------------+-------+-------++-------
Melee: Long sword        |    66 |    24 ||    90
  Use: Scroll            |     3 |     3 ||     6
       Potion            |     4 |     2 ||     6
Armor: Scale mail        |    32 |    21 ||    53
Dodge: Dodged            |    38 |    13 ||    51
Block: Buckler           |    19 |     8 ||    27

Table legend: (Time is in decaauts)
 A = Elapsed time spent in this place.
 B = Non-inter-level travel time spent in this place.
 C = Inter-level travel time spent in this place.
 D = Time resting spent in this place.
 E = Time spent auto-exploring this place.
 F = Levels seen in this place.
 G = Mean time per level.
                   A        B        C        D        E       F      G
               +--------+--------+--------+--------+--------+-----+--------+
         Total |   2748 |   2730 |     18 |    856 |    824 |   4 |  687.0 |
       Dungeon |   2748 |   2730 |     18 |    856 |    824 |   4 |  687.0 |
               +--------+--------+--------+--------+--------+-----+--------+

Top non-repeatable levels by time:
     D:2: 1433 daAuts
     D:3: 817 daAuts
     D:1: 470 daAuts
     D:4: 26 daAuts
